Santa Cruz Tiger Sharks vs Abbotsford Heat
Created - Sunday, April 23, 2023 at 07:42
Goals
|
| Santa Cruz Tiger Sharks |
0 |
2 |
1 |
3 |
| Abbotsford Heat |
0 |
1 |
0 |
1 |
|
Shots
|
| Santa Cruz Tiger Sharks |
13 |
13 |
8 |
34 |
| Abbotsford Heat |
5 |
10 |
9 |
24 |
|
1st period
No Goal
Penalties :
Michael McLeod (SCS) for Roughing (Minor) at 12:25, Michael McLeod (SCS) for Goalie Interference (Minor) at 19:12, Yakov Trenin (ABH) for Tripping (Minor) at 19:25
2nd period
1. Santa Cruz Tiger Sharks , Travis Boyd 18 (Jesper Boqvist 22, Michael McLeod 29) at 2:19
2. Santa Cruz Tiger Sharks , Jack Roslovic 21 (Kailer Yamamoto 24) at 16:29
3. Abbotsford Heat , Rafael Harvey-Pinard 14 (Cole Sillinger 19) at 16:55
Penalties :
Vincent Desharnais (ABH) for Fighting (Major) at 7:36, Wyatt Kalynuk (SCS) for Fighting (Major) at 7:36, Hunter Drew (SCS) for Hooking (Minor) at 19:01
3rd period
4. Santa Cruz Tiger Sharks , Steven Lorentz 3 (Tobias Bjornfot 11, David Gustafsson 8) at 14:19 (SH)
Penalties :
Rafael Harvey-Pinard (ABH) for Fighting (Major) at 7:46, Evgeny Svechnikov (SCS) for Fighting (Major) at 7:46, Travis Boyd (SCS) for Hooking (Minor) at 8:29, Zach Sanford (SCS) for Hooking (Minor) at 14:03
Goalie Stats
Mikhail Berdin (SCS), 23 saves from 24 shots - (0.958), W, 8-4-1, 60:00 minutes
Dustin Wolf (ABH), 31 saves from 34 shots - (0.912), L, 6-8-3, 60:00 minutes
Players Stats for Santa Cruz Tiger Sharks
Player Name G A P +/- PIM S H SB GA TA FO MP PP MP PK MP
------------------------------------------------------------------------------------
Alexander Volkov 0 0 0 0 0 1 1 0 1 0 2/2 15:54 0:00 3:56
Austin Strand 0 0 0 2 0 2 1 1 0 0 0/0 22:10 0:00 4:06
Calle Rosen 0 0 0 -1 0 1 0 0 1 0 0/0 23:30 0:13 4:03
David Gustafsson 0 1 1 1 0 3 0 0 0 0 7/10 13:30 0:00 4:07
Evgeny Svechnikov 0 0 0 0 5 1 1 0 0 0 0/0 7:43 0:00 0:00
Hunter Drew 0 0 0 1 2 0 1 1 0 1 0/0 16:05 0:00 0:00
Jack Roslovic 1 0 1 0 0 3 3 0 0 2 9/15 15:16 0:01 0:00
Jesper Boqvist 0 1 1 1 0 4 0 0 4 0 0/0 15:28 0:12 0:06
Kailer Yamamoto 0 1 1 0 0 1 2 0 1 1 0/0 15:16 0:01 0:00
Kevin Rooney 0 0 0 0 0 2 1 2 0 0 7/10 16:19 0:00 3:56
Kieffer Bellows 0 0 0 0 0 3 1 0 0 0 0/0 11:42 0:00 0:00
Michael McLeod 0 1 1 1 4 2 1 0 1 0 15/15 14:57 0:13 0:00
Sean Day 0 0 0 -1 0 0 1 1 1 0 0/0 22:13 0:13 4:03
Steven Lorentz 1 0 1 1 0 1 0 2 1 0 0/1 12:42 0:00 4:07
Tobias Bjornfot 0 1 1 2 0 4 0 2 0 2 0/0 22:35 0:00 4:06
Travis Boyd 1 0 1 1 2 2 0 0 1 0 0/0 15:14 0:12 0:00
Wyatt Kalynuk 0 0 0 1 5 2 3 0 0 0 0/0 13:37 0:00 0:00
Zach Sanford 0 0 0 0 2 2 2 1 0 0 1/1 15:47 0:00 0:06
Players Stats for Abbotsford Heat
Player Name G A P +/- PIM S H SB GA TA FO MP PP MP PK MP
------------------------------------------------------------------------------------
Alex Limoges 0 0 0 0 0 1 0 0 0 0 0/0 9:59 0:00 0:00
Benoit-Olivier Groulx 0 0 0 0 0 0 0 1 1 0 2/2 11:05 0:00 0:00
Bobby Brink 0 0 0 -3 0 4 3 3 1 0 0/3 22:01 5:00 0:00
Cole Perfetti 0 0 0 -3 0 1 1 2 0 1 0/1 21:53 4:57 0:00
Cole Sillinger 0 1 1 1 0 2 1 0 1 0 4/11 19:17 2:59 0:02
Daniil Miromanov 0 0 0 0 0 0 0 0 0 1 0/0 15:53 0:10 0:00
Dennis Gilbert 0 0 0 0 0 0 0 2 0 3 0/0 19:04 2:47 0:13
Filip Chlapik 0 0 0 0 0 0 0 0 0 0 0/4 11:06 0:54 0:00
Gabriel Fortier 0 0 0 0 0 1 1 0 0 1 0/2 6:58 0:00 0:00
Jacob Peterson 0 0 0 0 0 5 1 1 1 1 0/4 14:49 0:00 0:00
Lane Pederson 0 0 0 1 0 1 6 1 0 0 0/0 17:38 2:59 0:00
Michael Anderson 0 0 0 -2 0 1 1 2 0 0 0/0 27:06 5:22 0:00
Rafael Harvey-Pinard 1 0 1 1 5 2 3 1 0 2 1/1 15:53 2:06 0:11
Ryan Merkley 0 0 0 -2 0 3 2 2 2 1 0/0 27:06 5:22 0:00
Shane Pinto 0 0 0 0 0 0 0 0 0 0 0/0 4:51 0:25 0:13
Vincent Desharnais 0 0 0 0 5 0 1 0 0 0 0/0 16:34 2:47 0:13
Wyatt Newpower 0 0 0 0 0 0 2 3 0 0 0/0 14:28 0:00 0:00
Yakov Trenin 0 0 0 -3 2 3 1 2 0 1 6/26 22:17 4:56 0:00
3 Stars
1 - Mikhail Berdin (SCS)
2 - Jack Roslovic (SCS)
3 - Steven Lorentz (SCS)
Power Play
Santa Cruz Tiger Sharks - 0 on 1 Attempt(s) - 0.00%
Abbotsford Heat - 0 on 5 Attempt(s) - 0.00%
Penalty Kill
Santa Cruz Tiger Sharks - 5 on 5 Attempt(s) - 100.00%
- Score 1 goal in Penalty Kill
Abbotsford Heat - 1 on 1 Attempt(s) - 100.00%
- Score 0 goal in Penalty Kill
Team Stat
Santa Cruz Tiger Sharks - Hits : 18 - Faceoff Wins : 41 - Blocked Shots : 10 - Penalty Minutes : 20
Abbotsford Heat - Hits : 23 - Faceoff Wins : 13 - Blocked Shots : 20 - Penalty Minutes : 12
Official
Referees : Graham Skiliter and Wes McCauley
Linesman : Trent Knorr and Steve Miller
Game Notes
Wyatt Kalynuk beats up Vincent Desharnais at 7:36 of 2nd period
Rafael Harvey-Pinard beats up Evgeny Svechnikov at 7:46 of 3rd period
Santa Cruz Tiger Sharks
5 vs 5 Forward
Center Left Wing Right Wing Time % Phy DF OF
1 Jack Roslovic Zach Sanford Kailer Yamamoto 30 1 2 2
2 Michael McLeod Travis Boyd Jesper Boqvist 30 1 2 2
3 Kevin Rooney Kieffer Bellows Alexander Volkov 25 1 2 2
4 David Gustafsson Evgeny Svechnikov Steven Lorentz 15 1 2 2
5 vs 5 Defense
Defense Defense Time % Phy DF OF
1 Tobias Bjornfot Austin Strand 35 1 2 2
2 Calle Rosen Sean Day 35 1 2 2
3 Hunter Drew Wyatt Kalynuk 30 1 2 2
4 Tobias Bjornfot Austin Strand 0 1 2 2
PowerPlay Forward
Center Left Wing Right Wing Time % Phy DF OF
1 Jack Roslovic Zach Sanford Kailer Yamamoto 50 1 2 2
2 Michael McLeod Travis Boyd Jesper Boqvist 50 1 2 2
PowerPlay Defense
Defense Defense Time % Phy DF OF
1 Tobias Bjornfot Austin Strand 50 1 2 2
2 Calle Rosen Sean Day 50 1 2 2
Penalty Kill 4 Players Forward
Center Wing Time % Phy DF OF
1 Kevin Rooney Alexander Volkov 50 1 2 2
2 David Gustafsson Steven Lorentz 50 1 2 2
Penalty Kill 4 Players Defense
Defense Defense Time % Phy DF OF
1 Tobias Bjornfot Austin Strand 50 1 2 2
2 Calle Rosen Sean Day 50 1 2 2
Penalty Kill - 3 Players Forward
Forward Time % Phy DF OF
1 Kevin Rooney 50 1 2 2
2 David Gustafsson 50 1 2 2
Penalty Kill - 3 Players Defense
Defense Defense Time % Phy DF OF
1 Tobias Bjornfot Austin Strand 50 1 2 2
2 Calle Rosen Sean Day 50 1 2 2
4 vs 4 Forward
Center Wing Time % Phy DF OF
1 Jack Roslovic Kailer Yamamoto 50 1 2 2
2 Michael McLeod Zach Sanford 50 1 2 2
4 vs 4 Defense
Defense Defense Time % Phy DF OF
1 Tobias Bjornfot Austin Strand 50 1 2 2
2 Calle Rosen Sean Day 50 1 2 2
Last Minutes Offensive
Center Left Wing Right Wing Defense Defense
Jack Roslovic Zach Sanford Kailer Yamamoto Tobias Bjornfot Austin Strand
Last Minutes Defensive
Center Left Wing Right Wing Defense Defense
Kevin Rooney David Gustafsson Alexander Volkov Tobias Bjornfot Austin Strand
Goaltenders
Starting : Mikhail Berdin
Backup : Carter Hart
Extra Forwards
Normal : David Gustafsson, Kevin Rooney, Alexander Volkov - PP : David Gustafsson, Kevin Rooney - PK : Alexander Volkov
Extra Defensemen
Normal : Hunter Drew, Wyatt Kalynuk, Calle Rosen - PP : Hunter Drew - PK : Wyatt Kalynuk, Calle Rosen
Penalty Shots
Jack Roslovic, Kailer Yamamoto, Michael McLeod, Zach Sanford, Travis Boyd
Abbotsford Heat
5 vs 5 Forward
Center Left Wing Right Wing Time % Phy DF OF
1 Yakov Trenin Cole Perfetti Bobby Brink 40 1 2 2
2 Cole Sillinger Rafael Harvey-Pinard Lane Pederson 30 1 2 2
3 Benoit-Olivier Groulx Alex Limoges Jacob Peterson 20 1 2 2
4 Jacob Peterson Gabriel Fortier Filip Chlapik 10 1 2 2
5 vs 5 Defense
Defense Defense Time % Phy DF OF
1 Michael Anderson Ryan Merkley 40 1 2 2
2 Vincent Desharnais Dennis Gilbert 30 1 2 2
3 Daniil Miromanov Wyatt Newpower 20 1 2 2
4 Michael Anderson Ryan Merkley 10 1 2 2
PowerPlay Forward
Center Left Wing Right Wing Time % Phy DF OF
1 Yakov Trenin Cole Perfetti Bobby Brink 60 1 2 2
2 Cole Sillinger Rafael Harvey-Pinard Lane Pederson 40 1 2 2
PowerPlay Defense
Defense Defense Time % Phy DF OF
1 Michael Anderson Ryan Merkley 60 1 2 2
2 Vincent Desharnais Dennis Gilbert 40 1 2 2
Penalty Kill 4 Players Forward
Center Wing Time % Phy DF OF
1 Yakov Trenin Cole Sillinger 60 1 2 2
2 Bobby Brink Cole Perfetti 40 1 2 2
Penalty Kill 4 Players Defense
Defense Defense Time % Phy DF OF
1 Michael Anderson Ryan Merkley 60 1 2 2
2 Vincent Desharnais Dennis Gilbert 40 1 2 2
Penalty Kill - 3 Players Forward
Forward Time % Phy DF OF
1 Yakov Trenin 60 1 2 2
2 Cole Sillinger 40 1 2 2
Penalty Kill - 3 Players Defense
Defense Defense Time % Phy DF OF
1 Michael Anderson Ryan Merkley 60 1 2 2
2 Vincent Desharnais Dennis Gilbert 40 1 2 2
4 vs 4 Forward
Center Wing Time % Phy DF OF
1 Yakov Trenin Cole Sillinger 60 1 2 2
2 Bobby Brink Cole Perfetti 40 1 2 2
4 vs 4 Defense
Defense Defense Time % Phy DF OF
1 Michael Anderson Ryan Merkley 60 1 2 2
2 Vincent Desharnais Dennis Gilbert 40 1 2 2
Last Minutes Offensive
Center Left Wing Right Wing Defense Defense
Yakov Trenin Cole Perfetti Bobby Brink Michael Anderson Ryan Merkley
Last Minutes Defensive
Center Left Wing Right Wing Defense Defense
Yakov Trenin Cole Perfetti Bobby Brink Michael Anderson Ryan Merkley
Goaltenders
Starting : Dustin Wolf
Backup : Pheonix Copley
Extra Forwards
Normal : Filip Chlapik, Shane Pinto, Benoit-Olivier Groulx - PP : Filip Chlapik, Shane Pinto - PK : Benoit-Olivier Groulx
Extra Defensemen
Normal : Daniil Miromanov, Wyatt Newpower, Vincent Desharnais - PP : Daniil Miromanov - PK : Wyatt Newpower, Vincent Desharnais
Penalty Shots
Yakov Trenin, Cole Sillinger, Bobby Brink, Cole Perfetti, Benoit-Olivier Groulx
% Time on Ice - Santa Cruz Tiger Sharks
Lines # - Real PCT - Wanted PCT - Time Play
Normal Forward
1 - 29% - 30% - 14:32
2 - 31% - 30% - 15:21
3 - 23% - 25% - 11:42
4 - 17% - 15% - 8:17
Normal Defense
1 - 34% - 35% - 16:47
2 - 34% - 35% - 17:04
3 - 32% - 30% - 15:54
4 - 0% - 0% - 0:07
PP Forward
1 - 8% - 50% - 0:01
2 - 92% - 50% - 0:12
PP Defense
1 - 0% - 50% - 0:00
2 - 100% - 50% - 0:13
PK Forward
1 - 48% - 50% - 3:56
2 - 52% - 50% - 4:13
PK Defense
1 - 50% - 50% - 4:06
2 - 50% - 50% - 4:03
PK3 Forward
1 - 0% - 50%
2 - 0% - 50%
PK3 Defense
1 - 0% - 50%
2 - 0% - 50%
44 Forward
1 - 45% - 50% - 0:48
2 - 55% - 50% - 0:58
44 Defense
1 - 50% - 50% - 0:53
2 - 50% - 50% - 0:53
Last Minute Offensive - 0:00
Last Minute Defensive - 0:00
Total
Forward - 60:00
Defense - 60:00
|
% Time on Ice - Abbotsford Heat
Lines # - Real PCT - Wanted PCT - Time Play
Normal Forward
1 - 36% - 40% - 17:58
2 - 30% - 30% - 14:57
3 - 20% - 20% - 9:59
4 - 14% - 10% - 6:58
Normal Defense
1 - 37% - 40% - 18:34
2 - 32% - 30% - 15:48
3 - 28% - 20% - 13:50
4 - 3% - 10% - 1:40
PP Forward
1 - 61% - 60% - 4:57
2 - 39% - 40% - 3:12
PP Defense
1 - 66% - 60% - 5:22
2 - 34% - 40% - 2:47
PK Forward
1 - 100% - 60% - 0:13
2 - 0% - 40% - 0:00
PK Defense
1 - 0% - 60% - 0:00
2 - 100% - 40% - 0:13
PK3 Forward
1 - 0% - 60%
2 - 0% - 40%
PK3 Defense
1 - 0% - 60%
2 - 0% - 40%
44 Forward
1 - 100% - 60% - 1:46
2 - 0% - 40% - 0:00
44 Defense
1 - 85% - 60% - 1:30
2 - 15% - 40% - 0:16
Last Minute Offensive - 0:00
Last Minute Defensive - 0:00
Total
Forward - 60:00
Defense - 60:00
|
Play-by-Play
1st period
0:01 of 1st period - Yakov Trenin wins face-off versus Jack Roslovic in neutral zone.
0:27 of 1st period - Michael McLeod is hit by Michael Anderson and loses puck.
2:37 of 1st period - Wyatt Newpower is hit by Zach Sanford and loses puck.
2:44 of 1st period - Snap shot by Kailer Yamamoto.
2:44 of 1st period - Shot Blocked by Wyatt Newpower.
3:08 of 1st period - Travis Boyd is hit by Vincent Desharnais.
3:25 of 1st period - Snap shot by Alexander Volkov.
3:25 of 1st period - Stopped by Dustin Wolf with a rebound.
3:31 of 1st period - Calle Rosen is hit by Rafael Harvey-Pinard and loses puck.
3:42 of 1st period - Wyatt Newpower is hit by Evgeny Svechnikov and loses puck.
3:49 of 1st period - Wrist shot by David Gustafsson.
3:49 of 1st period - Deflect By Steven Lorentz.
3:49 of 1st period - Shot Blocked by Jacob Peterson.
3:49 of 1st period - Puck is out of play.
3:50 of 1st period - Michael McLeod wins face-off versus Jacob Peterson in Abbotsford Heat zone.
4:36 of 1st period - Slapshot by Jacob Peterson.
4:36 of 1st period - Stopped by Mikhail Berdin without a rebound.
4:37 of 1st period - Kevin Rooney wins face-off versus Jacob Peterson in Santa Cruz Tiger Sharks zone.
4:46 of 1st period - Ryan Merkley is hit by Alexander Volkov and loses puck.
5:47 of 1st period - Snap shot by Jacob Peterson.
5:47 of 1st period - Shot Blocked by Tobias Bjornfot.
5:49 of 1st period - Wrist shot by Alex Limoges.
5:49 of 1st period - Shot Misses the Net.
6:51 of 1st period - David Gustafsson is hit by Bobby Brink and loses puck.
7:26 of 1st period - Snap shot by Ryan Merkley.
7:26 of 1st period - Shot Misses the Net.
7:42 of 1st period - Snap shot by Yakov Trenin.
7:42 of 1st period - Shot Misses the Net.
7:44 of 1st period - Slapshot by Yakov Trenin.
7:44 of 1st period - Stopped by Mikhail Berdin with a rebound.
7:54 of 1st period - Snap shot by Jacob Peterson.
7:54 of 1st period - Shot Misses the Net.
8:06 of 1st period - Slapshot by Cole Sillinger.
8:06 of 1st period - Stopped by Mikhail Berdin with a rebound.
8:16 of 1st period - Slapshot by Jack Roslovic.
8:16 of 1st period - Stopped by Dustin Wolf with a rebound.
9:43 of 1st period - Ryan Merkley is hit by Kailer Yamamoto and loses puck.
10:07 of 1st period - Wrist shot by Yakov Trenin.
10:07 of 1st period - Stopped by Mikhail Berdin with a rebound.
10:13 of 1st period - Yakov Trenin is hit by Sean Day and loses puck.
10:45 of 1st period - Rafael Harvey-Pinard is hit by Wyatt Kalynuk and loses puck.
11:35 of 1st period - Vincent Desharnais is hit by Zach Sanford and loses puck.
11:52 of 1st period - Wrist shot by Alexander Volkov.
11:52 of 1st period - Deflect By Kieffer Bellows.
11:52 of 1st period - Stopped by Dustin Wolf without a rebound.
11:53 of 1st period - Kevin Rooney wins face-off versus Yakov Trenin in Abbotsford Heat zone.
11:56 of 1st period - Snap shot by Kieffer Bellows.
11:56 of 1st period - Stopped by Dustin Wolf with a rebound.
11:58 of 1st period - Slapshot by Tobias Bjornfot.
11:58 of 1st period - Stopped by Dustin Wolf without a rebound.
11:59 of 1st period - Jack Roslovic wins face-off versus Yakov Trenin in Abbotsford Heat zone.
12:25 of 1st period - Minor Penalty to Michael McLeod for Roughing.
12:26 of 1st period - Yakov Trenin wins face-off versus Kevin Rooney in Santa Cruz Tiger Sharks zone.
12:57 of 1st period - Off-side.
12:58 of 1st period - Yakov Trenin wins face-off versus David Gustafsson in neutral zone.
14:00 of 1st period - Tobias Bjornfot is hit by Lane Pederson and loses puck.
14:25 of 1st period - Penalty to Michael McLeod is over, Michael McLeod is back on ice.
15:28 of 1st period - Snap shot by Jack Roslovic.
15:28 of 1st period - Shot Blocked by Rafael Harvey-Pinard.
16:09 of 1st period - Calle Rosen is hit by Bobby Brink and loses puck.
16:20 of 1st period - Wrist shot by Jack Roslovic.
16:20 of 1st period - Stopped by Dustin Wolf with a rebound.
16:42 of 1st period - Wrist shot by Jesper Boqvist.
16:42 of 1st period - Stopped by Dustin Wolf with a rebound.
16:59 of 1st period - Off-side.
17:00 of 1st period - Alexander Volkov wins face-off versus Gabriel Fortier in neutral zone.
17:05 of 1st period - Michael Anderson is hit by Hunter Drew and loses puck.
17:29 of 1st period - Wrist shot by Cole Sillinger.
17:29 of 1st period - Stopped by Mikhail Berdin without a rebound.
17:30 of 1st period - Jack Roslovic wins face-off versus Yakov Trenin in Santa Cruz Tiger Sharks zone.
17:47 of 1st period - Slapshot by Kailer Yamamoto.
17:47 of 1st period - Shot Blocked by Yakov Trenin.
17:49 of 1st period - Slapshot by Tobias Bjornfot.
17:49 of 1st period - Shot Misses the Net.
18:08 of 1st period - Slapshot by Kailer Yamamoto.
18:08 of 1st period - Shot Misses the Net.
18:10 of 1st period - Snap shot by Calle Rosen.
18:10 of 1st period - Shot Blocked by Bobby Brink.
18:12 of 1st period - Snap shot by Kailer Yamamoto.
18:12 of 1st period - Stopped by Dustin Wolf with a rebound.
18:14 of 1st period - Slapshot by Wyatt Kalynuk.
18:14 of 1st period - Stopped by Dustin Wolf with a rebound.
18:34 of 1st period - Snap shot by Kailer Yamamoto.
18:34 of 1st period - Shot Blocked by Dennis Gilbert.
18:36 of 1st period - Slapshot by Austin Strand.
18:36 of 1st period - Stopped by Dustin Wolf without a rebound.
18:37 of 1st period - Michael McLeod wins face-off versus Cole Sillinger in Abbotsford Heat zone.
18:46 of 1st period - Slapshot by Travis Boyd.
18:46 of 1st period - Deflect By Michael McLeod.
18:46 of 1st period - Shot Blocked by Lane Pederson.
18:46 of 1st period - Puck is out of play.
18:47 of 1st period - Michael McLeod wins face-off versus Cole Sillinger in Abbotsford Heat zone.
18:48 of 1st period - Backhand shot by Jesper Boqvist.
18:48 of 1st period - Shot Misses the Net.
18:50 of 1st period - Slapshot by Austin Strand.
18:50 of 1st period - Stopped by Dustin Wolf with a rebound.
18:52 of 1st period - Slapshot by Austin Strand.
18:52 of 1st period - Shot Blocked by Ryan Merkley.
18:54 of 1st period - Slapshot by Jesper Boqvist.
18:54 of 1st period - Deflect By Michael McLeod.
18:54 of 1st period - Deflect By Cole Sillinger.
18:54 of 1st period - Shot Blocked by Michael Anderson.
18:54 of 1st period - Puck is out of play.
18:55 of 1st period - Michael McLeod wins face-off versus Cole Sillinger in Abbotsford Heat zone.
18:58 of 1st period - Slapshot by Jesper Boqvist.
18:58 of 1st period - Stopped by Dustin Wolf with a rebound.
19:00 of 1st period - Snap shot by Jesper Boqvist.
19:00 of 1st period - Deflect By Michael McLeod.
19:00 of 1st period - Stopped by Dustin Wolf without a rebound.
19:01 of 1st period - Michael McLeod wins face-off versus Cole Sillinger in Abbotsford Heat zone.
19:10 of 1st period - Wrist shot by Cole Sillinger.
19:10 of 1st period - Shot Misses the Net.
19:12 of 1st period - Minor Penalty to Michael McLeod for Goalie Interference.
19:13 of 1st period - David Gustafsson wins face-off versus Yakov Trenin in Santa Cruz Tiger Sharks zone.
19:25 of 1st period - Minor Penalty to Yakov Trenin for Tripping.
19:26 of 1st period - Jack Roslovic wins face-off versus Filip Chlapik in Abbotsford Heat zone.
19:32 of 1st period - Snap shot by Kailer Yamamoto.
19:32 of 1st period - Shot Misses the Net.
19:34 of 1st period - Wrist shot by Jack Roslovic.
19:34 of 1st period - Deflect By Kailer Yamamoto.
19:34 of 1st period - Shot Hit the Post.
19:34 of 1st period - Puck is out of play.
19:35 of 1st period - Jack Roslovic wins face-off versus Filip Chlapik in Abbotsford Heat zone.
19:38 of 1st period - Snap shot by Kailer Yamamoto.
19:38 of 1st period - Deflect By Cole Sillinger.
19:38 of 1st period - Shot Misses the Net.
19:38 of 1st period - Puck is out of play.
19:39 of 1st period - David Gustafsson wins face-off versus Filip Chlapik in Abbotsford Heat zone.
19:42 of 1st period - Wrist shot by David Gustafsson.
19:42 of 1st period - Shot Misses the Net.
Goals for this period are 0 for Santa Cruz Tiger Sharks vs 0 for Abbotsford Heat.
Shots for this period are 13 for Santa Cruz Tiger Sharks vs 5 for Abbotsford Heat.
2nd period
0:01 of 2nd period - Jack Roslovic wins face-off versus Filip Chlapik in neutral zone.
0:04 of 2nd period - Wrist shot by Kailer Yamamoto.
0:04 of 2nd period - Shot Blocked by Michael Anderson.
1:12 of 2nd period - Penalty to Michael McLeod is over, Michael McLeod is back on ice.
1:25 of 2nd period - Penalty to Yakov Trenin is over, Yakov Trenin is back on ice.
2:09 of 2nd period - Slapshot by Jesper Boqvist.
2:09 of 2nd period - Stopped by Dustin Wolf without a rebound.
2:10 of 2nd period - Michael McLeod wins face-off versus Yakov Trenin in Abbotsford Heat zone.
2:19 of 2nd period - Snap shot by Travis Boyd.
2:19 of 2nd period - Goal by Travis Boyd - Santa Cruz Tiger Sharks : 1 - Abbotsford Heat : 0.
2:20 of 2nd period - Michael McLeod wins face-off versus Yakov Trenin in neutral zone.
3:17 of 2nd period - Wrist shot by Lane Pederson.
3:17 of 2nd period - Stopped by Mikhail Berdin with a rebound.
3:33 of 2nd period - Wrist shot by David Gustafsson.
3:33 of 2nd period - Stopped by Dustin Wolf with a rebound.
3:35 of 2nd period - Slapshot by Wyatt Kalynuk.
3:35 of 2nd period - Stopped by Dustin Wolf with a rebound.
3:37 of 2nd period - Wrist shot by Evgeny Svechnikov.
3:37 of 2nd period - Stopped by Dustin Wolf with a rebound.
3:39 of 2nd period - Slapshot by Steven Lorentz.
3:39 of 2nd period - Shot Misses the Net.
3:41 of 2nd period - Wrist shot by David Gustafsson.
3:41 of 2nd period - Shot Misses the Net.
4:01 of 2nd period - Wrist shot by Jacob Peterson.
4:01 of 2nd period - Stopped by Mikhail Berdin with a rebound.
5:30 of 2nd period - Snap shot by Cole Perfetti.
5:30 of 2nd period - Stopped by Mikhail Berdin without a rebound.
5:31 of 2nd period - Cole Sillinger wins face-off versus David Gustafsson in Santa Cruz Tiger Sharks zone.
6:26 of 2nd period - Snap shot by Gabriel Fortier.
6:26 of 2nd period - Stopped by Mikhail Berdin without a rebound.
6:27 of 2nd period - Michael McLeod wins face-off versus Cole Sillinger in Santa Cruz Tiger Sharks zone.
6:44 of 2nd period - Lane Pederson is hit by Austin Strand.
7:04 of 2nd period - Wrist shot by Kevin Rooney.
7:04 of 2nd period - Stopped by Dustin Wolf without a rebound.
7:05 of 2nd period - Benoit-Olivier Groulx wins face-off versus Jack Roslovic in Abbotsford Heat zone.
7:30 of 2nd period - Zach Sanford is hit by Lane Pederson and loses puck.
7:35 of 2nd period - Snap shot by Cole Sillinger.
7:35 of 2nd period - Shot Blocked by Zach Sanford.
7:36 of 2nd period - Wyatt Kalynuk beats up Vincent Desharnais.
7:36 of 2nd period - Penalty to Vincent Desharnais for Fighting.
7:36 of 2nd period - Penalty to Wyatt Kalynuk for Fighting.
7:37 of 2nd period - Michael McLeod wins face-off versus Yakov Trenin in Santa Cruz Tiger Sharks zone.
8:03 of 2nd period - Kevin Rooney is hit by Ryan Merkley and loses puck.
8:35 of 2nd period - Off-side.
8:36 of 2nd period - Michael McLeod wins face-off versus Yakov Trenin in neutral zone.
9:01 of 2nd period - Calle Rosen is hit by Lane Pederson and loses puck.
10:14 of 2nd period - Off-side.
10:15 of 2nd period - Kevin Rooney wins face-off versus Jacob Peterson in neutral zone.
10:20 of 2nd period - Wrist shot by Kevin Rooney.
10:20 of 2nd period - Stopped by Dustin Wolf with a rebound.
10:41 of 2nd period - Dennis Gilbert is hit by Jack Roslovic and loses puck.
10:45 of 2nd period - Icing by Dennis Gilbert.
10:46 of 2nd period - Jack Roslovic wins face-off versus Gabriel Fortier in Abbotsford Heat zone.
10:59 of 2nd period - Snap shot by Zach Sanford.
10:59 of 2nd period - Stopped by Dustin Wolf with a rebound.
11:01 of 2nd period - Slapshot by Kailer Yamamoto.
11:01 of 2nd period - Shot Misses the Net.
12:32 of 2nd period - Cole Perfetti is hit by Michael McLeod and loses puck.
12:50 of 2nd period - Icing by Sean Day.
12:51 of 2nd period - Michael McLeod wins face-off versus Cole Sillinger in Santa Cruz Tiger Sharks zone.
13:05 of 2nd period - Slapshot by Kieffer Bellows.
13:05 of 2nd period - Stopped by Dustin Wolf with a rebound.
13:07 of 2nd period - Slapshot by Tobias Bjornfot.
13:07 of 2nd period - Stopped by Dustin Wolf with a rebound.
13:28 of 2nd period - Snap shot by Cole Sillinger.
13:28 of 2nd period - Shot Blocked by Austin Strand.
14:02 of 2nd period - Hunter Drew is hit by Wyatt Newpower and loses puck.
14:07 of 2nd period - Wrist shot by Cole Perfetti.
14:07 of 2nd period - Shot Blocked by Hunter Drew.
14:09 of 2nd period - Snap shot by Bobby Brink.
14:09 of 2nd period - Stopped by Mikhail Berdin without a rebound.
14:10 of 2nd period - Kevin Rooney wins face-off versus Yakov Trenin in Santa Cruz Tiger Sharks zone.
14:56 of 2nd period - Vincent Desharnais is hit by Jack Roslovic and loses puck.
15:07 of 2nd period - Zach Sanford is hit by Gabriel Fortier and loses puck.
15:22 of 2nd period - Yakov Trenin is hit by Wyatt Kalynuk and loses puck.
16:08 of 2nd period - Kevin Rooney is hit by Lane Pederson and loses puck.
16:23 of 2nd period - Icing by Vincent Desharnais.
16:24 of 2nd period - Jack Roslovic wins face-off versus Yakov Trenin in Abbotsford Heat zone.
16:29 of 2nd period - Wrist shot by Jack Roslovic.
16:29 of 2nd period - Goal by Jack Roslovic - Santa Cruz Tiger Sharks : 2 - Abbotsford Heat : 0.
16:30 of 2nd period - Michael McLeod wins face-off versus Yakov Trenin in neutral zone.
16:43 of 2nd period - Snap shot by Michael McLeod.
16:43 of 2nd period - Stopped by Dustin Wolf with a rebound.
16:45 of 2nd period - Slapshot by Calle Rosen.
16:45 of 2nd period - Stopped by Dustin Wolf without a rebound.
16:46 of 2nd period - Cole Sillinger wins face-off versus Jack Roslovic in Abbotsford Heat zone.
16:51 of 2nd period - Slapshot by Michael Anderson.
16:51 of 2nd period - Stopped by Mikhail Berdin without a rebound.
16:52 of 2nd period - Cole Sillinger wins face-off versus Jack Roslovic in Santa Cruz Tiger Sharks zone.
16:53 of 2nd period - Snap shot by Rafael Harvey-Pinard.
16:53 of 2nd period - Stopped by Mikhail Berdin with a rebound.
16:55 of 2nd period - Wrist shot by Rafael Harvey-Pinard.
16:55 of 2nd period - Goal by Rafael Harvey-Pinard - Santa Cruz Tiger Sharks : 2 - Abbotsford Heat : 1.
16:56 of 2nd period - Michael McLeod wins face-off versus Yakov Trenin in neutral zone.
17:11 of 2nd period - Slapshot by Cole Perfetti.
17:11 of 2nd period - Deflect By Yakov Trenin.
17:11 of 2nd period - Stopped by Mikhail Berdin without a rebound.
17:12 of 2nd period - Cole Sillinger wins face-off versus Jack Roslovic in Santa Cruz Tiger Sharks zone.
17:37 of 2nd period - Sean Day is hit by Cole Perfetti and loses puck.
18:06 of 2nd period - Wrist shot by Alex Limoges.
18:06 of 2nd period - Stopped by Mikhail Berdin without a rebound.
18:07 of 2nd period - Jack Roslovic wins face-off versus Cole Sillinger in Santa Cruz Tiger Sharks zone.
18:39 of 2nd period - Off-side.
18:40 of 2nd period - Yakov Trenin wins face-off versus Kevin Rooney in neutral zone.
19:01 of 2nd period - Minor Penalty to Hunter Drew for Hooking.
19:02 of 2nd period - David Gustafsson wins face-off versus Yakov Trenin in Santa Cruz Tiger Sharks zone.
19:13 of 2nd period - Slapshot by Michael Anderson.
19:13 of 2nd period - Shot Blocked by Kevin Rooney.
19:31 of 2nd period - Steven Lorentz is hit by Ryan Merkley and loses puck.
Goals for this period are 2 for Santa Cruz Tiger Sharks vs 1 for Abbotsford Heat.
Shots for this period are 13 for Santa Cruz Tiger Sharks vs 10 for Abbotsford Heat.
3rd period
0:01 of 3rd period - David Gustafsson wins face-off versus Yakov Trenin in neutral zone.
0:26 of 3rd period - Calle Rosen is hit by Rafael Harvey-Pinard and loses puck.
1:01 of 3rd period - Penalty to Hunter Drew is over, Hunter Drew is back on ice.
1:12 of 3rd period - Off-side.
1:13 of 3rd period - Benoit-Olivier Groulx wins face-off versus Jack Roslovic in neutral zone.
1:41 of 3rd period - Off-side.
1:42 of 3rd period - Zach Sanford wins face-off versus Bobby Brink in neutral zone.
2:07 of 3rd period - Travis Boyd is hit by Cole Sillinger and loses puck.
2:14 of 3rd period - Snap shot by Hunter Drew.
2:14 of 3rd period - Shot Misses the Net.
2:16 of 3rd period - Snap shot by Jesper Boqvist.
2:16 of 3rd period - Deflect By Michael McLeod.
2:16 of 3rd period - Shot Misses the Net.
2:16 of 3rd period - Puck is out of play.
2:17 of 3rd period - Alexander Volkov wins face-off versus Yakov Trenin in Abbotsford Heat zone.
2:17 of 3rd period - Alexander Volkov is hit by Wyatt Newpower.
2:21 of 3rd period - Slapshot by Alexander Volkov.
2:21 of 3rd period - Shot Blocked by Bobby Brink.
2:23 of 3rd period - Wrist shot by Kevin Rooney.
2:23 of 3rd period - Shot Blocked by Wyatt Newpower.
2:25 of 3rd period - Snap shot by Tobias Bjornfot.
2:25 of 3rd period - Stopped by Dustin Wolf with a rebound.
2:27 of 3rd period - Snap shot by Alexander Volkov.
2:27 of 3rd period - Shot Blocked by Cole Perfetti.
2:40 of 3rd period - Icing by Cole Perfetti.
2:41 of 3rd period - Michael McLeod wins face-off versus Bobby Brink in Abbotsford Heat zone.
2:48 of 3rd period - Wrist shot by Jesper Boqvist.
2:48 of 3rd period - Shot Blocked by Wyatt Newpower.
2:54 of 3rd period - Snap shot by Kailer Yamamoto.
2:54 of 3rd period - Shot Misses the Net.
2:56 of 3rd period - Snap shot by Zach Sanford.
2:56 of 3rd period - Stopped by Dustin Wolf with a rebound.
3:15 of 3rd period - Snap shot by Jesper Boqvist.
3:15 of 3rd period - Shot Misses the Net.
4:05 of 3rd period - Vincent Desharnais is hit by Jack Roslovic and loses puck.
4:24 of 3rd period - Snap shot by Travis Boyd.
4:24 of 3rd period - Stopped by Dustin Wolf with a rebound.
4:27 of 3rd period - Icing by Dennis Gilbert.
4:28 of 3rd period - Michael McLeod wins face-off versus Yakov Trenin in Abbotsford Heat zone.
4:32 of 3rd period - Snap shot by Jesper Boqvist.
4:32 of 3rd period - Stopped by Dustin Wolf without a rebound.
4:33 of 3rd period - Kevin Rooney wins face-off versus Yakov Trenin in Abbotsford Heat zone.
4:38 of 3rd period - Wrist shot by Alexander Volkov.
4:38 of 3rd period - Shot Blocked by Yakov Trenin.
4:40 of 3rd period - Slapshot by Calle Rosen.
4:40 of 3rd period - Shot Blocked by Cole Perfetti.
4:46 of 3rd period - Wrist shot by Alexander Volkov.
4:46 of 3rd period - Shot Blocked by Ryan Merkley.
4:48 of 3rd period - Snap shot by Sean Day.
4:48 of 3rd period - Shot Blocked by Bobby Brink.
4:58 of 3rd period - Jesper Boqvist is hit by Rafael Harvey-Pinard and loses puck.
5:49 of 3rd period - Slapshot by Austin Strand.
5:49 of 3rd period - Shot Blocked by Dennis Gilbert.
5:55 of 3rd period - Rafael Harvey-Pinard is hit by Kevin Rooney and loses puck.
6:05 of 3rd period - Icing by Austin Strand.
6:06 of 3rd period - Kevin Rooney wins face-off versus Jacob Peterson in Santa Cruz Tiger Sharks zone.
6:58 of 3rd period - Calle Rosen is hit by Yakov Trenin and loses puck.
7:46 of 3rd period - Rafael Harvey-Pinard beats up Evgeny Svechnikov.
7:46 of 3rd period - Penalty to Rafael Harvey-Pinard for Fighting.
7:46 of 3rd period - Penalty to Evgeny Svechnikov for Fighting.
7:47 of 3rd period - Jack Roslovic wins face-off versus Yakov Trenin in neutral zone.
8:19 of 3rd period - Snap shot by Lane Pederson.
8:19 of 3rd period - Shot Blocked by Tobias Bjornfot.
8:29 of 3rd period - Minor Penalty to Travis Boyd for Hooking.
8:30 of 3rd period - David Gustafsson wins face-off versus Yakov Trenin in Santa Cruz Tiger Sharks zone.
10:29 of 3rd period - Penalty to Travis Boyd is over, Travis Boyd is back on ice.
10:39 of 3rd period - Zach Sanford is hit by Jacob Peterson.
10:43 of 3rd period - Backhand shot by Jacob Peterson.
10:43 of 3rd period - Stopped by Mikhail Berdin with a rebound.
10:45 of 3rd period - Snap shot by Jacob Peterson.
10:45 of 3rd period - Stopped by Mikhail Berdin with a rebound.
10:47 of 3rd period - Snap shot by Jacob Peterson.
10:47 of 3rd period - Stopped by Mikhail Berdin with a rebound.
11:31 of 3rd period - Wyatt Kalynuk is hit by Lane Pederson and loses puck.
13:01 of 3rd period - Jack Roslovic is hit by Lane Pederson and loses puck.
13:29 of 3rd period - Wyatt Newpower is hit by Kailer Yamamoto and loses puck.
13:53 of 3rd period - Jacob Peterson is hit by Wyatt Kalynuk and loses puck.
14:03 of 3rd period - Minor Penalty to Zach Sanford for Hooking.
14:04 of 3rd period - David Gustafsson wins face-off versus Yakov Trenin in Santa Cruz Tiger Sharks zone.
14:04 of 3rd period - David Gustafsson is hit by Bobby Brink.
14:15 of 3rd period - Slapshot by David Gustafsson.
14:15 of 3rd period - Stopped by Dustin Wolf with a rebound.
14:17 of 3rd period - Slapshot by Tobias Bjornfot.
14:17 of 3rd period - Stopped by Dustin Wolf with a rebound.
14:19 of 3rd period - Slapshot by Steven Lorentz.
14:19 of 3rd period - Goal by Steven Lorentz - Santa Cruz Tiger Sharks : 3 - Abbotsford Heat : 1.
14:20 of 3rd period - Kevin Rooney wins face-off versus Bobby Brink in neutral zone.
14:27 of 3rd period - Slapshot by Ryan Merkley.
14:27 of 3rd period - Shot Blocked by Kevin Rooney.
14:29 of 3rd period - Slapshot by Ryan Merkley.
14:29 of 3rd period - Stopped by Mikhail Berdin with a rebound.
14:31 of 3rd period - Slapshot by Cole Perfetti.
14:31 of 3rd period - Shot Misses the Net.
14:33 of 3rd period - Snap shot by Ryan Merkley.
14:33 of 3rd period - Stopped by Mikhail Berdin with a rebound.
14:35 of 3rd period - Slapshot by Yakov Trenin.
14:35 of 3rd period - Deflect By Alexander Volkov.
14:35 of 3rd period - Shot Blocked by Sean Day.
14:35 of 3rd period - Puck is out of play.
14:36 of 3rd period - Yakov Trenin wins face-off versus David Gustafsson in Santa Cruz Tiger Sharks zone.
14:39 of 3rd period - Wrist shot by Bobby Brink.
14:39 of 3rd period - Stopped by Mikhail Berdin without a rebound.
14:40 of 3rd period - David Gustafsson wins face-off versus Cole Perfetti in Santa Cruz Tiger Sharks zone.
14:45 of 3rd period - Slapshot by Steven Lorentz.
14:45 of 3rd period - Deflect By David Gustafsson.
14:45 of 3rd period - Stopped by Dustin Wolf without a rebound.
14:46 of 3rd period - Yakov Trenin wins face-off versus Steven Lorentz in Abbotsford Heat zone.
15:01 of 3rd period - Snap shot by Bobby Brink.
15:01 of 3rd period - Shot Blocked by Steven Lorentz.
15:05 of 3rd period - Wrist shot by Bobby Brink.
15:05 of 3rd period - Stopped by Mikhail Berdin with a rebound.
15:07 of 3rd period - Backhand shot by Ryan Merkley.
15:07 of 3rd period - Stopped by Mikhail Berdin with a rebound.
15:09 of 3rd period - Slapshot by Michael Anderson.
15:09 of 3rd period - Shot Blocked by Steven Lorentz.
15:11 of 3rd period - Wrist shot by Bobby Brink.
15:11 of 3rd period - Stopped by Mikhail Berdin without a rebound.
15:12 of 3rd period - Rafael Harvey-Pinard wins face-off versus Kevin Rooney in Santa Cruz Tiger Sharks zone.
16:03 of 3rd period - Penalty to Zach Sanford is over, Zach Sanford is back on ice.
18:33 of 3rd period - Wrist shot by Jack Roslovic.
18:33 of 3rd period - Shot Blocked by Benoit-Olivier Groulx.
18:37 of 3rd period - Snap shot by Zach Sanford.
18:37 of 3rd period - Shot Misses the Net.
19:52 of 3rd period - Rafael Harvey-Pinard is hit by Kieffer Bellows and loses puck.
Goals for this period are 1 for Santa Cruz Tiger Sharks vs 0 for Abbotsford Heat.
Shots for this period are 8 for Santa Cruz Tiger Sharks vs 9 for Abbotsford Heat.
Back to the Top